 Dungeon Crawl Stone Soup version 0.23-a0-558-g30802b1d75 (webtiles) character file.

93254 Runnish the Geomancer (level 16, -7/110 HPs)
             Began as a Gargoyle Earth Elementalist on Dec 11, 2018.
             Was the Champion of Vehumet.
             Mangled by a tentacle (20 damage)
             ... attached to a kraken
             ... on level 3 of the Abyss.
             The game lasted 01:23:25 (31939 turns).

Runnish the Geomancer (GrEE)                       Turns: 31939, Time: 01:23:25

Health: -7/110     AC: 25    Str: 13      XL:     16   Next: 8%
Magic:  39/39      EV: 15    Int: 22      God:    Vehumet [******]
Gold:   1781       SH:  0    Dex:  9 (10) Spells: 14/36 levels left

rFire    + . .     SeeInvis +   R - +4 flail (venom)
rCold    + . .     Gourm    +   (no shield)
rNeg     + . .     Faith    .   M - +2 robe {rC+ rF+}
rPois    ∞         Spirit   .   m - +1 helmet
rElec    +         Reflect  .   i - +0 cloak
rCorr    .         Harm     .   t - +2 pair of gloves
MR       +....                  B - +1 pair of boots
Stlth    ++........             n - amulet of the gourmand
HPRegen  0.68/turn              G - ring of see invisible
MPRegen  0.26/turn              u - ring of magical power

@: about to teleport, flying, drained
A: big wings, hooves 1, negative energy resistance 1, regeneration 1, robust 1,
electricity resistance, unbreathing, petrification resistance, rot immunity, AC
+12
a: Stop Flying, Renounce Religion


You were on level 3 of the Abyss.
You worshipped Vehumet.
Vehumet was exalted by your worship.
You were very full.

You visited 5 branches of the dungeon, and saw 25 of its levels.
You visited the Abyss 1 time.

You collected 2308 gold pieces.
You spent 527 gold pieces at shops.

Inventory:

Hand Weapons
 L - a +4 flail
 P - a +0 great mace of protection
 R - a +4 flail of venom (weapon)
Missiles
 b - 255 stones (quivered)
 K - 2 throwing nets
Armour
 i - a +0 cloak (worn)
 m - a +1 helmet (worn)
 t - a +2 pair of gloves (worn)
 A - a +2 robe of magic resistance
 B - a +1 pair of boots (worn)
 M - a +2 robe of resistance (worn)
Magical Staves
 I - an uncursed staff of death {unknown}
 O - an uncursed staff of cold
Jewellery
 e - an uncursed ring of resist corrosion
 j - an uncursed ring of positive energy
 n - an amulet of the gourmand (around neck)
 u - a ring of magical power (right hand)
 G - a ring of see invisible (left hand)
 Q - an uncursed ring of ice
 T - an uncursed ring of positive energy
 Y - an uncursed ring of magical power
 Z - an uncursed ring of fire {unknown}
Wands
 g - a wand of enslavement (12)
 q - a wand of iceblast (19)
 w - a wand of flame (47)
 z - a wand of random effects (25)
 E - a wand of polymorph (2)
 J - a wand of scattershot (7)
 N - a wand of paralysis (10)
 V - a wand of disintegration (11)
Scrolls
 c - 13 scrolls of remove curse
 h - 4 scrolls of immolation
 y - 2 scrolls of fog
 C - 8 scrolls of teleportation
 D - 9 scrolls of identify
Potions
 a - 10 potions of heal wounds
 f - a potion of berserk rage
 k - 6 potions of flight
 l - 4 potions of haste
 o - 3 potions of brilliance
 p - 2 potions of mutation
 r - 5 potions of curing
 s - a potion of resistance
 v - 2 potions of ambrosia
 S - 2 potions of invisibility
 W - 2 potions of might
Miscellaneous
 F - 3 sacks of spiders
 H - 2 boxes of beasts
 U - a phantom mirror
 X - a lightning rod (4/4)
Comestibles
 d - 36 rations


   Skills:
 + Level 11.1(10.5) Fighting
 + Level 10.1(9.5) Maces & Flails
 - Level 6.0(5.4) Armour
 + Level 8.9(8.4) Dodging
 - Level 2.1(1.7) Stealth
 + Level 10.8(10.3) Spellcasting
 + Level 11.9(11.3) Conjurations
   Level 0.7(0.2) Transmutations
 * Level 7.1(6.6) Fire Magic
 + Level 13.8(13.1) Earth Magic
 - Level 6.0(5.5) Evocations


You had 14 spell levels left.
You knew the following spells:

 Your Spells              Type           Power        Failure   Level  Hunger
a - Sandblast             Erth           ######       1%          1    None
b - Stone Arrow           Conj/Erth      ######       1%          3    None
c - Lee's Rapid Deconstr  Erth           ######....   1%          5    ####...
d - Blink                 Tloc           N/A          9%          2    None
e - Bolt of Magma         Conj/Fire/Erth ######....   1%          5    ####...
f - Bolt of Fire          Conj/Fire      ######....   6%          6    ######.

Your spell library contained the following spells:

 Spells                   Type           Power        Failure   Level  Hunger
 Orb of Destruction       Conj           ######....   13%         7    #######
 Magic Dart               Conj           ####         1%          1    None
 Passwall                 Tmut/Erth      #####...     1%          2    None
 Conjure Flame            Conj/Fire      ######..     1%          3    None
 Mephitic Cloud           Conj/Pois/Air  ####....     1%          3    None
 Petrify                  Tmut/Erth      #####...     3%          4    ##.....
 Call Imp                 Summ           ##......     9%          2    None
 Slow                     Hex            ##......     9%          2    None


Dungeon Overview and Level Annotations

Branches:
Dungeon (15/15)            Temple (1/1) D:5            Lair (6/6) D:8
 Shoals (0/4) Lair:3        Snake (0/4) Lair:4        Slime (0/5) Lair:6
    Orc (2/2) D:12            Elf (1/3) Orc:2        Vaults (0/5) D:13
 Depths: D:15

Altars:
Ashenzari
Cheibriados
Dithmenos
Elyvilon
Fedhas
Gozag
Hepliaklqana
Kikubaaqudgha
Makhleb
Nemelex Xobeh
Okawaru
Qazlal
Ru
Sif Muna
Trog
Uskayaw
Vehumet
Wu Jian
Xom
Yredelemnul
Zin
The Shining One

Shops:
D:5 (   D:9 *   Orc:2 (:!%

Portals:
Pandemonium: Orc:2
Trove: D:12 (give 7 potions of haste)


Innate Abilities, Weirdness & Mutations

You are resistant to torment.
Your stone body is resilient. (AC +12)
You are immune to poison.
Your large and strong wings let you fly indefinitely.
You resist negative energy. (rN+)
You are resistant to electric shocks. (rElec)
You can survive without breathing.
You are immune to petrification.
You are immune to rotting.
You have large cloven feet.
Your natural rate of healing is unusually fast.
You are robust. (+10% HP)


Message History

As you read the scroll of fear, it crumbles to dust.
You assume a fearsome visage.
The kraken easily resists.
The thrashing horror is unaffected.
The balrug is unaffected.
The red devil is unaffected.
The sun demon is unaffected. x2
The raiju looks frightened!
The small abomination is unaffected.
The smoke demon is unaffected.
The wretched star is unaffected.
The ancient zyme is unaffected.
The tentacle segment is unaffected.
The tentacle is unaffected. x4; The small abomination hits you!
* * * LOW HITPOINT WARNING * * *
The thrashing horror tramples you!
* * * LOW HITPOINT WARNING * * *
You hold your ground!
The thrashing horror tramples you but does no damage.
The tentacle closely misses you. The tentacle slaps you.
* * * LOW HITPOINT WARNING * * *
The tentacle slaps you but does no damage. x2
Unknown command.
The balrug shouts!
The tentacle slaps you!!
You die...

## #.. .#. # #. .....
..# . .### # ...#.###.##
# ##.## ..
#.....#..##.###.#....#.
.#...#....#.. ...... ─.│
....≈≈.≈≈..##.##.....##x
.≈≈≈≈≈.≈.≈........#.. #.
≈≈≈≈3≈3.≈..#.#§.>.#§.##w
≈≈h≈≈3w@x≈≈##..####..###
.≈.4≈≈wXx≈≈#...#.Xx ....
≈≈≈≈≈│ww≈≈≈#.##.#.####..
≈2≈≈≈X≈≈≈≈≈######...#. .
..≈≈≈≈≈≈≈≈.# ##..#. .
≈≈≈≈≈.≈≈≈≈... ## ...
..*≈≈≈≈≈≈..##. # #.
..≈.≈≈.≈≈..# . ###.
.#.#.###..## .


You could see a kraken, a balrug, a wretched star, 2 sun demons, an ancient
zyme, a thrashing horror, 4 tentacles, a smoke demon, a raiju (fleeing), a red
devil and a small abomination.

Vanquished Creatures
  Rupert (Lair:3)
  Kirke (D:12)
  A dire elephant (Lair:6)
  An ettin (Orc:1)
  Josephine (D:14)
  Fannar (D:12)
  6 hydras
  2 vault guards (D:13)
  2 centaur warriors (D:13)
  Erica (D:11)
  2 two-headed ogres
  A deep troll shaman (Lair:6)
  A catoblepas (Lair:6)
  6 death yaks (Lair:6)
  6 orc high priests (Orc:2)
  Urug (Lair:5)
  4 skeletal warriors (D:14)
  A gelid demonspawn (Orc:2)
  A deep elf archer (Orc:2)
  4 orc knights (Orc:2)
  5 ugly things (D:13)
  Pikel (D:5)
  A manticore (Lair:3)
  5 oklob plants
  5 orc sorcerers (Orc:2)
  A cyclops (D:14)
  7 deep elf magi
  14 elephants
  A smoke demon (Orc:2)
  Maurice (D:12)
  An orange demon (Orc:2)
  An ice statue (Lair:3)
  4 spiny frogs
  8 black mambas
  2 gargoyles
  A rime drake (Lair:6)
  2 ice devils (Orc:2)
  An ancient zyme (Abyss:3)
  15 komodo dragons
  A freezing wraith (Lair:3)
  A tengu conjurer (D:10)
  8 trolls
  6 polar bears
  Prince Ribbit (D:5)
  8 blink frogs
  4 dream sheep (Lair:5)
  5 slime creatures
  8 hippogriffs
  4 wyverns
  2 ynoxinuls (Orc:2)
  5 wraiths
  57 yaks
  4 basilisks
  3 hogs (D:12)
  9 humans (D:13)
  A hungry ghost (D:12)
  A chaos spawn (Orc:2)
  3 wargs
  11 porcupines
  23 water moccasins
  31 orc warriors
  3 sky beasts
  A black bear (D:8)
  5 phantoms
  3 ice beasts
  A necrophage (D:10)
  22 wolves
  9 ogres
  10 centaurs
  7 crocodiles
  A big kobold (D:11)
  11 bullfrogs
  A gnoll sergeant (D:9)
  5 scorpions
  A troll zombie (D:12)
  4 killer bees (D:11)
  20 wights
  A howler monkey (D:5)
  5 electric eels
  4 crimson imps
  2 bullfrog zombies
  2 centaur zombies
  10 hounds
  10 jellies
  27 orc priests
  A bullfrog skeleton (D:13)
  25 orc wizards
  3 centaur skeletons
  Jessica (D:3)
  Ijyb (D:3)
  3 iguanas
  14 worker ants
  7 ogre zombies (D:12)
  A hound skeleton (D:4)
  8 gnolls
  2 howler monkey skeletons (D:8)
  26 adders
  3 shadow imps
  3 white imps (Lair:3)
  8 oozes (D:4)
  2 adder zombies
  5 adder skeletons
  5 worms
  2 dart slugs
  6 leopard geckos
  86 orcs
  3 ball pythons
  4 giant cockroaches
  4 goblins
  10 hobgoblins
  19 jackals
  4 quokkas (D:3)
  3 bats
  4 frilled lizards
  3 goblin skeletons (D:12)
  2 goblin zombies (D:12)
  2 hobgoblin skeletons (D:12)
  3 hobgoblin zombies (D:12)
  A jackal skeleton (D:4)
  17 kobolds
  A leopard gecko skeleton (D:6)
  15 orc zombies (D:12)
  2 quokka skeletons
  15 rats
  A plant (Lair:1)
806 creatures vanquished.

Vanquished Creatures (collateral kills)
  3 komodo dragons
  A wolf (Lair:6)
4 creatures vanquished.

Vanquished Creatures (others)
  A vault guard (D:13)
  A human (D:12)
  27 fungi
  21 plants
  6 starspawn tentacles (Abyss:3)
  6 toadstools (D:4)
62 creatures vanquished.

Grand Total: 872 creatures vanquished

Notes
Turn   | Place    | Note
-------+----------+-------------------------------------------
     0 | D:1      | Runnish the Gargoyle Earth Elementalist began the quest for
                  | the Orb.
     0 | D:1      | Reached XP level 1. HP: 10/10 MP: 3/3
   249 | D:1      | Reached XP level 2. HP: 12/15 MP: 5/5
   338 | D:1      | Reached skill level 4 in Earth Magic
  1658 | D:2      | Reached XP level 3. HP: 5/19 MP: 1/7
  1931 | D:2      | Noticed a bullfrog
  1935 | D:2      | Killed a bullfrog
  1935 | D:2      | Reached skill level 5 in Earth Magic
  1935 | D:2      | Reached XP level 4. HP: 24/24 MP: 5/9
  1973 | D:2      | Learned a level 3 spell: Stone Arrow
  2001 | D:2      | Reached XP level 5. HP: 24/28 MP: 5/10
  2008 | D:2      | Learned a level 5 spell: Lee's Rapid Deconstruction
  2131 | D:2      | Reached skill level 1 in Conjurations
  2140 | D:2      | Found a faded altar of an unknown god.
  2958 | D:3      | Noticed Ijyb
  2971 | D:3      | Noticed Jessica
  3008 | D:3      | Killed Ijyb
  3019 | D:3      | Killed Jessica
  3019 | D:3      | Reached XP level 6. HP: 25/32 MP: 10/12
  3362 | D:3      | Reached skill level 6 in Earth Magic
  3367 | D:3      | HP: 1/32 [gnoll/+0 flail (12)]
  3718 | D:3      | Found a sacrificial altar of Ru.
  4406 | D:4      | Reached XP level 7. HP: 31/36 MP: 1/13
  4706 | D:4      | You fall through a shaft for 2 floors!
  4757 | D:6      | Learned a level 2 spell: Blink
  4849 | D:6      | Reached skill level 7 in Earth Magic
  5083 | D:6      | Reached skill level 5 in Spellcasting
  5116 | D:6      | Reached XP level 8. HP: 32/41 MP: 7/15
  5197 | D:5      | Entered Level 5 of the Dungeon
  5961 | D:4      | Reached skill level 1 in Armour
  6043 | D:5      | Found Zaot's Weapon Shop.
  6080 | D:5      | Noticed Prince Ribbit
  6084 | D:5      | Reached skill level 1 in Fighting
  6088 | D:5      | Reached skill level 1 in Maces & Flails
  6088 | D:5      | Reached skill level 1 in Evocations
  6097 | D:5      | Killed Prince Ribbit
  6427 | D:5      | Found an ornate altar of the Wu Jian Council.
  6545 | D:5      | Reached skill level 5 in Conjurations
  6585 | D:5      | Found a staircase to the Ecumenical Temple.
  6595 | Temple   | Entered the Ecumenical Temple
  6802 | Temple   | Became a worshipper of Vehumet
  7051 | D:5      | Noticed Pikel
  7060 | D:5      | Killed Pikel
  7060 | D:5      | Reached skill level 8 in Earth Magic
  7060 | D:5      | Reached XP level 9. HP: 39/49 MP: 7/17
  8529 | D:6      | Reached * piety under Vehumet
  8529 | D:6      | Offered knowledge of Sting by Vehumet.
  8585 | D:6      | Got a crystal long sword
  8586 | D:6      | Identified the cursed +2 long sword of Springtime {speed,
                  | rElec rPois Int+2} (You found it on level 6 of the Dungeon)
  8767 | D:6      | Gained mutation: Your natural rate of healing is unusually
                  | fast. [potion of mutation]
  8767 | D:6      | Gained mutation: You have large cloven feet. [potion of
                  | mutation]
  8767 | D:6      | Gained mutation: You are robust. (+10% HP) [potion of
                  | mutation]
  9245 | D:7      | Found a hazy altar of Hepliaklqana.
 10060 | D:8      | Reached XP level 10. HP: 61/61 MP: 19/19
 10222 | D:8      | Found a staircase to the Lair.
 11091 | D:9      | Noticed a five-headed hydra
 11095 | D:9      | Killed a five-headed hydra
 11095 | D:9      | Reached ** piety under Vehumet
 11095 | D:9      | Offered knowledge of Flame Tongue by Vehumet.
 11095 | D:9      | Reached skill level 9 in Earth Magic
 11273 | D:9      | Found a snail-covered altar of Cheibriados.
 11273 | D:9      | Found a hide-covered altar of Uskayaw.
 11273 | D:9      | Found a glowing silver altar of Zin.
 11274 | D:9      | Found a bloodstained altar of Trog.
 11274 | D:9      | Found a basalt altar of Yredelemnul.
 11274 | D:9      | Found a sparkling altar of Nemelex Xobeh.
 11274 | D:9      | Found an ancient bone altar of Kikubaaqudgha.
 11362 | D:9      | Found Rich's General Store.
 11701 | D:9      | Offered knowledge of Ignite Poison by Vehumet.
 11836 | D:9      | Reached skill level 5 in Fighting
 11913 | D:10     | Entered Level 10 of the Dungeon
 12220 | D:10     | Reached skill level 5 in Armour
 12259 | D:10     | Reached XP level 11. HP: 69/70 MP: 21/21
 12285 | D:10     | Reached *** piety under Vehumet
 12878 | D:10     | Offered knowledge of Inner Flame by Vehumet.
 13038 | D:11     | Noticed Erica
 13051 | D:11     | Killed Erica
 13386 | D:11     | You fall through a shaft!
 13388 | D:12     | Found a staircase to the Orcish Mines.
 13392 | D:12     | Reached **** piety under Vehumet
 13393 | D:12     | Offered knowledge of Throw Icicle by Vehumet.
 13397 | D:12     | Reached skill level 5 in Maces & Flails
 13397 | D:12     | Noticed a six-headed hydra
 13402 | D:12     | Killed a six-headed hydra
 13412 | D:12     | Noticed Maurice
 13416 | D:12     | Killed Maurice
 13416 | D:12     | Reached ***** piety under Vehumet
 13713 | D:11     | Offered knowledge of Airstrike by Vehumet.
 13714 | D:11     | Reached skill level 10 in Earth Magic
 13715 | D:11     | Reached skill level 5 in Evocations
 13716 | D:11     | Reached skill level 5 in Dodging
 14110 | D:12     | Noticed Kirke
 14121 | D:12     | Noticed a harpy
 14121 | D:12     | Noticed a harpy
 14122 | D:12     | Killed Kirke
 14122 | D:12     | Reached XP level 12. HP: 73/78 MP: 6/23
 14503 | D:12     | Noticed Fannar
 14518 | D:12     | Killed Fannar
 14606 | D:12     | Found a portal to a secret trove of treasure.
 15284 | D:13     | Killed a vault guard
 15364 | D:13     | Noticed a two-headed ogre
 15369 | D:13     | Killed a two-headed ogre
 15539 | D:13     | Reached skill level 11 in Earth Magic
 15784 | D:13     | Noticed a centaur warrior
 15795 | D:13     | Killed a centaur warrior
 16057 | D:13     | Offered knowledge of Fulminant Prism by Vehumet.
 16057 | D:13     | Reached XP level 13. HP: 76/85 MP: 25/25
 16588 | D:13     | Noticed a vault guard
 16588 | D:13     | Noticed a vault guard
 16604 | D:13     | Killed a vault guard
 16606 | D:13     | Killed a vault guard
 16691 | D:13     | Found a gate to the Vaults.
 17519 | D:14     | Noticed Josephine
 17523 | D:14     | Killed Josephine
 17909 | D:14     | Reached skill level 10 in Conjurations
 18328 | Lair:1   | Entered Level 1 of the Lair of Beasts
 18858 | Lair:1   | Reached skill level 12 in Earth Magic
 19572 | Lair:2   | Offered knowledge of Bolt of Magma by Vehumet.
 19658 | Lair:2   | Gained mutation: Your large and strong wings let you fly
                  | indefinitely. [Gargoyle growth]
 19658 | Lair:2   | Reached XP level 14. HP: 67/94 MP: 27/27
 20837 | Lair:3   | Learned a level 5 spell: Bolt of Magma
 21522 | Lair:3   | Found a staircase to the Shoals.
 21674 | Lair:3   | Noticed Rupert
 21679 | Lair:3   | Paralysed by Rupert for 4 turns
 21690 | Lair:3   | Killed Rupert
 21690 | Lair:3   | Reached skill level 10 in Fighting
 21690 | Lair:3   | Reached skill level 1 in Fire Magic
 22186 | Lair:4   | Reached skill level 10 in Spellcasting
 22344 | Lair:4   | Found a staircase to the Snake Pit.
 23357 | Lair:5   | Noticed Urug
 23400 | Lair:5   | Killed Urug
 23998 | Lair:5   | Reached skill level 13 in Earth Magic
 24061 | Lair:5   | Reached ****** piety under Vehumet
 24981 | Lair:6   | Entered Level 6 of the Lair of Beasts
 25141 | Lair:6   | Found a staircase to the Slime Pits.
 25197 | Lair:6   | Reached XP level 15. HP: 32/101 MP: 9/29
 25532 | Lair:6   | Got a pitted sapphire amulet
 25533 | Lair:6   | Identified the amulet "Vapung" {Inacc rC++ Int+2} (You
                  | found it on level 6 of the Lair of Beasts)
 25728 | Lair:6   | Offered knowledge of Bolt of Fire by Vehumet.
 26024 | Lair:6   | Learned a level 6 spell: Bolt of Fire
 26212 | Lair:6   | Reached skill level 5 in Fire Magic
 27661 | Orc:1    | Entered Level 1 of the Orcish Mines
 28476 | Orc:2    | Entered Level 2 of the Orcish Mines
 28659 | Orc:2    | Found a staircase to the Elven Halls.
 28969 | Orc:2    | Offered knowledge of Orb of Destruction by Vehumet.
 29204 | Orc:2    | Found a frozen archway.
 29522 | Orc:2    | Found Jatuep's Distillery.
 29540 | Orc:2    | Found Asyaxt's Food Emporium.
 30657 | Orc:2    | Reached skill level 10 in Maces & Flails
 30902 | Orc:2    | Found Hergha Juivu's Book Boutique.
 30902 | Orc:2    | Found Niyd's Antique Weapon Shop.
 30903 | Orc:2    | Found a one-way gate leading to the halls of Pandemonium.
 31063 | Elf:1    | Entered Level 1 of the Elven Halls
 31106 | Orc:2    | Reached XP level 16. HP: 100/110 MP: 30/30
 31450 | Orc:2    | Bought 2 potions of heal wounds for 170 gold pieces
 31450 | Orc:2    | Bought a potion of berserk rage for 85 gold pieces
 31450 | Orc:2    | Bought a potion of heal wounds for 85 gold pieces
 31450 | Orc:2    | Bought a potion of invisibility for 136 gold pieces
 31450 | Orc:2    | Bought a potion of curing for 51 gold pieces
 31580 | D:15     | Entered Level 15 of the Dungeon
 31733 | D:15     | Cast into level 2 of the Abyss (a wizard)
 31908 | Abyss:3  | Noticed a tentacled starspawn
 31933 | Abyss:3  | Noticed a kraken
 31939 | Abyss:3  | Mangled by a tentacle

Vault maps used:
D:1:      scummos_arrival_simple_fountains
D:2:      chequers_ecumenical_altar_island, first_ration, hex_medium,
          minivault_5
D:3:      nicolae_ru_great_annihilating_truth, uniq_ijyb, uniq_jessica
D:4:      cheibrodos_fertilizer
D:5:      kennysheep_mini_moat, minmay_temple_entry_crystal_x, serial_shops,
          shop, uniq_pikel, uniq_prince_ribbit1
D:6:      minmay_quadrilaterals
D:7:      marbit_many_paths
D:8:      grunt_lair_entry_orc_guard_hut, serial_co_window_serial,
          co_window_corner_a, co_window_paths_b, co_window_of_opportunity_a,
          co_window_corner_a, co_window_paths_a, co_window_corner_a,
          co_window_of_opportunity_a, co_window_corner_a, co_window_corner_a,
          co_window_broadway_c, co_window_2corner, co_window_of_opportunity_b,
          co_window_broadway_b, co_window_corner_b, co_window_corner_cb,
          co_window_4corner_b, glass_columns_a, glass_columns_b, glass_columns_b
D:9:      grunt_temple_overflow_open, serial_shops, kennysheep_little_box
D:10:     grunt_tengu_nest, item_on_display_a
D:11:     minmay_misc_feat_enclosed, uniq_erica
D:12:     zombieorc2_lemuel, nicolae_trove_entry_crystal, uniq_fannar,
          uniq_kirke, uniq_maurice
D:13:     ximxim_vaults_locker_room
D:14:     palyth_stone_intersect, uniq_josephine
D:15:     grunt_enter_depths_magical_seal, hangedman_abyss_or_decor_lesser_grid
Temple:   hc_temple_tempest_star
Lair:1:   serial_forest, infiniplex_forest_clump_tiny,
          infiniplex_forest_lined_1, infiniplex_forest_corner_2,
          infiniplex_forest_clump_curved, infiniplex_forest_end_1,
          infiniplex_forest_straight_4, infiniplex_forest_straight_3,
          serial_bayou_ford_a, beast_lair_carwin_6
Lair:2:   gauntlet_entry_generic, grunt_megastairs_3
Lair:3:   beast_lair_carwin_large_2, minmay_shoals_entry_beasts, ice2_lemuel,
          grunt_megastairs_2, serial_bayou_shore_a, uniq_rupert
Lair:4:   minmay_snake_entry_six_corridors, minmay_lair_oklob_chamber,
          infiniplex_staircase_pool_2
Lair:5:   disabler_island, uniq_urug
Lair:6:   grunt_lair_end_beastmaster, minmay_slime_entry_pillars
Orc:2:    pf_orc_diabolical, portal_ice_cave_demonic_guard
Elf:1:    elf_arrival_002, evilmike_minifort, nooodl_food_tri, uniq_roxanne,
          uniq_donald
Abyss:2:  evilmike_abyss_exit_plants
Abyss:3:  evilmike_abyss_exit_chaos, evilmike_abyss_exit_kraken

Skill      XL: |  1  2  3  4  5  6  7  8  9 10 11 12 13 14 15 16 |
---------------+-------------------------------------------------+-----
Earth Magic    | 4 5 6 7 8 9 10 11 12 13 | 13.8
Spellcasting   | 3 4 5 6 7 8 9 10 | 10.8
Conjurations   | 2 3 4 5 6 7 8 9 10 11 | 11.9
Armour         | 2 3 5 6 |  6.0
Fighting       | 2 3 5 6 7 9 10 11 | 11.1
Maces & Flails | 2 3 4 5 7 8 9 10 | 10.1
Dodging        | 2 3 4 5 6 7 8 |  8.9
Evocations     | 2 3 4 5 6 |  6.0
Fire Magic     | 3 6 7 |  7.1
Stealth        | |  2.1
Transmutations | |  0.7

Action                   |  1- 3 |  4- 6 |  7- 9 | 10-12 | 13-15 | 16-18 || total
-------------------------+-------+-------+-------+-------+-------+-------++-------
Melee: Unarmed           |    50 |       |       |       |       |       ||    50
       Dagger            |    46 |    88 |       |       |       |       ||   134
       Rapier            |       |   174 |    41 |       |       |       ||   215
       Short sword       |       |    29 |       |       |       |       ||    29
       Flail             |       |       |   246 |    75 |   991 |    23 ||  1335
       Long sword        |       |       |    72 |   480 |       |       ||   552
       Kick              |       |       |     8 |       |       |       ||     8
 Cast: Sandblast         |    19 |    32 |    65 |   170 |   251 |     4 ||   541
       Lee's Rapid Decon |       |     1 |     4 |    55 |   115 |     3 ||   178
       Stone Arrow       |       |       |     1 |       |     5 |     1 ||     7
       Bolt of Magma     |       |       |       |       |    83 |     5 ||    88
       Bolt of Fire      |       |       |       |       |    28 |     1 ||    29
 Abil: Fly               |       |       |       |       |     1 |       ||     1
Evoke: Wand              |       |       |       |       |     2 |       ||     2
       Box of beasts     |       |       |       |       |     1 |       ||     1
       Phantom mirror    |       |       |       |       |     1 |       ||     1
  Use: Potion            |       |     4 |     1 |       |     5 |       ||    10
       Scroll            |       |       |    17 |     9 |    11 |     3 ||    40
 Stab: Sleeping          |     5 |     7 |     5 |     2 |     2 |       ||    21
       Invisible         |       |     1 |       |       |       |       ||     1
       Distracted        |       |       |       |     1 |     1 |       ||     2
  Eat: Chunk             |     4 |    16 |    22 |    33 |    88 |     9 ||   172
       Ration            |       |       |       |       |     1 |       ||     1
Armor: Robe              |    36 |   121 |   183 |   358 |   821 |    43 ||  1562
Dodge: Dodged            |    61 |   191 |   315 |   482 |  1305 |    51 ||  2405
       Rpst.: Long sword |       |       |    15 |   131 |       |       ||   146

Table legend:
 A = Non-vault XP
 B = Vault XP
 C = Vault XP percentage of total XP
 D = Non-vault monster count
 E = Vault monster count
 F = Vault count percentage of total count
                 A         B        C        D         E       F
            +---------+---------+-------+---------+---------+-------
      Total |   74821 |   58399 |  43.8 |     565 |     244 |  30.2
            +---------+---------+-------+---------+---------+-------
        D:1 |      26 |       0 |   0.0 |      15 |       0 |   0.0
        D:2 |     226 |       0 |   0.0 |      36 |       0 |   0.0
        D:3 |     214 |     118 |  35.5 |      33 |       6 |  15.4
        D:4 |     307 |     147 |  32.4 |      14 |      16 |  53.3
        D:5 |     395 |     893 |  69.3 |      14 |       2 |  12.5
        D:6 |     760 |     179 |  19.1 |      25 |       5 |  16.7
        D:7 |     363 |      43 |  10.6 |      10 |       1 |   9.1
        D:8 |    1115 |     659 |  37.1 |      26 |       5 |  16.1
        D:9 |    2775 |       0 |   0.0 |      32 |       0 |   0.0
       D:10 |    1933 |     328 |  14.5 |      37 |       1 |   2.6
       D:11 |    2981 |     923 |  23.6 |      38 |       1 |   2.6
       D:12 |    5129 |    4590 |  47.2 |      31 |      42 |  57.5
       D:13 |   12008 |    3704 |  23.6 |      59 |      11 |  15.7
       D:14 |    5874 |    1892 |  24.4 |      23 |       5 |  17.9
       D:15 |    1008 |       0 |   0.0 |       2 |       0 |   0.0
     Lair:1 |    2855 |    2276 |  44.4 |       9 |       8 |  47.1
     Lair:2 |    4234 |     111 |   2.6 |      16 |       1 |   5.9
     Lair:3 |    8208 |    7088 |  46.3 |      38 |      20 |  34.5
     Lair:4 |    1975 |    4126 |  67.6 |       8 |      24 |  75.0
     Lair:5 |    4232 |    1181 |  21.8 |      11 |       5 |  31.2
     Lair:6 |   12181 |   11702 |  49.0 |      42 |      24 |  36.4
      Orc:1 |    3016 |       0 |   0.0 |      22 |       0 |   0.0
      Orc:2 |    2118 |   16676 |  88.7 |      22 |      64 |  74.4
      Elf:1 |     544 |    1763 |  76.4 |       1 |       3 |  75.0
    Abyss:3 |     344 |       0 |   0.0 |       1 |       0 |   0.0
            +---------+---------+-------+---------+---------+-------
